 Dungeon Crawl Stone Soup version 0.22-a0-374-g5dfd9e3 (webtiles) character file.

2616 Monsterracer the Stinger (level 9, -7/65 HPs)
             Began as a Demonspawn Venom Mage on Apr 26, 2018.
             Mangled by a sixfirhy (12 damage)
             ... summoned by Xom
             ... on level 7 of the Dungeon.
             The game lasted 00:20:44 (9201 turns).

Monsterracer the Stinger (Demonspawn Venom Mage)    Turns: 9201, Time: 00:20:45

Health: -7/65      AC:  8    Str: 10    XL:     9   Next: 34%
Magic:  16/16      EV: 13    Int: 17    God:    Xom [..*...]
Gold:   161        SH:  6    Dex: 15    Spells: 4/17 levels left

rFire    + . .     SeeInvis +   a - +9 flail of the Evil Eye {freeze, rN+ Str+2 Stlth+}
rCold    . . .     Gourm    .   (no shield)
rNeg     + . .     Faith    .   n - +2 robe {rF+}
rPois    +         Spirit   .   (helmet restricted)
rElec    .         Reflect  .   u - +2 cloak
rCorr    .         Harm     .   w - +0 pair of gloves "Muinudd" {rPois Int-4 Dex+2 SInv}
MR       .....                  (no boots)
Stlth    +++.......             y - amulet of magic regeneration
HPRegen  0.20/turn              (no ring)
MPRegen  0.40/turn              (no ring)

@: no status effects
A: antennae 1, large bone plates 2, demonic guardian 1, spiny 3
a: Renounce Religion


You were on level 7 of the Dungeon.
You worshipped Xom.
You were a toy of Xom.
You were hungry.

You visited 2 branches of the dungeon, and saw 8 of its levels.

You collected 416 gold pieces.
You spent 255 gold pieces at shops.

Inventory:

Hand Weapons
 a - the +9 flail of the Evil Eye (weapon) {freeze, rN+ Str+2 Stlth+}
   (You bought it in a shop on level 7 of the Dungeon)

   It has been specially enchanted to freeze those struck by it, causing extra
   injury to most foes and up to half again as much damage against particularly
   susceptible opponents.
   It can also slow down cold-blooded creatures.
   It affects your strength (+2).
   It protects you from negative energy.
   It makes you more stealthy.
 b - a +3 flail of protection
 A - a +0 morningstar
Armour
 n - a +2 robe of fire resistance (worn)
 u - a +2 cloak (worn)
 w - the +0 pair of gloves "Muinudd" (worn) {rPois Int-4 Dex+2 SInv}
   (You acquired it on level 7 of the Dungeon)

   It affects your intelligence (-4).
   It affects your dexterity (+2).
   It protects you from poison.
   It lets you see invisible.
 x - a +2 ring mail of fire resistance
Jewellery
 q - an uncursed ring of fire
 y - an amulet of magic regeneration (around neck)
Wands
 l - a wand of flame (28)
 B - a wand of acid (10)
Scrolls
 f - 2 scrolls of enchant weapon
 g - 5 scrolls of teleportation
 h - a scroll of fear {!r}
 k - 2 scrolls of magic mapping {!r}
 o - a scroll of fog
 p - 4 scrolls of remove curse
 t - a scroll of amnesia
Potions
 d - a potion of lignification
 e - a potion of magic {unknown}
 i - a potion of flight {unknown}
 j - 2 potions of agility {unknown}
 m - 2 potions of brilliance {unknown}
 r - a potion of degeneration {unknown}
 s - 3 potions of might {unknown}
 v - 3 potions of haste {unknown}
 z - a potion of curing {unknown}
Comestibles
 c - 13 rations


   Skills:
 + Level 3.7 Fighting
 * Level 5.1 Maces & Flails
 + Level 2.7 Dodging
 - Level 1.7 Stealth
 + Level 4.9 Spellcasting
 + Level 5.5 Conjurations
 + Level 0.9 Hexes
 + Level 7.7 Poison Magic


You had 4 spell levels left.
You knew the following spells:

 Your Spells              Type           Power        Failure   Level  Hunger
a - Poisonous Vapours     Pois/Air       ###...       4%          2    #......
b - Fulminant Prism       Conj/Hex       ###.......   36%         4    ####...
c - Mephitic Cloud        Conj/Pois/Air  ###.....     7%          3    ###....
d - Olgreb's Toxic Radia  Pois           ####....     6%          4    ####...


Dungeon Overview and Level Annotations

Branches:
Dungeon (7/15)             Temple (1/1) D:4

Altars:
Ashenzari
Cheibriados
Dithmenos
Elyvilon
Gozag
Hepliaklqana
Kikubaaqudgha
Makhleb
Nemelex Xobeh
Okawaru
Qazlal
Ru
Sif Muna
Trog
Uskayaw
Vehumet
Wu Jian
Xom
Yredelemnul
Zin
The Shining One

Shops:
D:7 *((


Innate Abilities, Weirdness & Mutations

You have a pair of small antennae on your head.
You are mostly covered in large bone plates. (SH +6)
A weak demonic guardian rushes to your aid.
You are completely covered in sharp spines.


Message History

MP restored: 16 You start resting.
Unknown command.
You regained 17 hp, and now have 57/65 hp.
You start resting.
HP restored.
Health restored: 65
Found 20 stones.
There is an entrance to Bued Cep's General Store here.
You open the door.
There is an open door here.
Found a stone staircase leading down.
Found a stone staircase leading up.
You hear Xom's maniacal laughter.
You shiver with cold.
No target in view!
B - a wand of acid (10) Key pressed, stopping explore.
No target in view!
No target in view!
As you open the door, it creaks loudly!
There is an open door here.
You open the door.
Found an escape hatch in the ceiling.
There is an open door here.
No target in view!
All of the chunks of flesh in your inventory have rotted away.
There is an escape hatch in the ceiling here.
You now have 416 gold pieces (gained 21).
You are feeling hungry.
You open the door.
Found Kaetz's Antique Weapon Boutique.
No target in view!
There is an open door here.
There is an entrance to Kaetz's Antique Weapon Boutique here.
z - a polished flail Thank you for shopping at Kaetz's Antique Weapon Boutique!
Wield which item (- for none, * to show all)? (? for menu, Esc to quit)
Your +3 flail of protection goes still.
You feel stronger.
The +9 flail of the Evil Eye {freeze, rN+ Str+2 Stlth+} glows with a cold blue light!
z - the +9 flail of the Evil Eye (weapon)
{freeze, rN+ Str+2 Stlth+} You open the door.
There is an open door here.
You open the door.
Found Xunygg's Weapon Shoppe.
Adjust (i)tems, (s)pells, or (a)bilities?
Adjust which item? (? for menu, Esc to quit)
z - the +9 flail of the Evil Eye (weapon)
{freeze, rN+ Str+2 Stlth+} Adjust to which letter? (? for menu, Esc to quit)
b - the +9 flail of the Evil Eye (weapon)
{freeze, rN+ Str+2 Stlth+}
z - a smoky red potion Adjust (i)tems, (s)pells, or (a)bilities?
Adjust which item? (? for menu, Esc to quit)
b - the +9 flail of the Evil Eye (weapon)
{freeze, rN+ Str+2 Stlth+} Adjust to which letter? (? for menu, Esc to quit)
a - the +9 flail of the Evil Eye (weapon)
{freeze, rN+ Str+2 Stlth+}
b - a +3 flail of protection The +9 flail of the Evil Eye {freeze, rN+ Str+2 Stlth+} stops glowing.
Your +3 flail of protection hums with potential!
b - a +3 flail of protection (weapon)
There is an open door here.
There is an entrance to Xunygg's Weapon Shoppe here.
Your +3 flail of protection goes still.
The +9 flail of the Evil Eye {freeze, rN+ Str+2 Stlth+} glows with a cold blue light!
a - the +9 flail of the Evil Eye (weapon)
{freeze, rN+ Str+2 Stlth+}
c - 13 rations (gained 1)
You open the door.
There is an open door here.
You sense a monster nearby.
An adder comes into view.
The adder hisses angrily.
You block the adder's attack.
You thump the adder! You freeze the adder.
You kill the adder!
No target in view!
No target in view!
No target in view!
You hear Xom's maniacal laughter.
You are now a toy of Xom.
There are monsters nearby!
There are monsters nearby!
Okay, then.
Okay, then.
The ufetubus closely misses your white imp.
The ufetubus hits your white imp. The sixfirhy hits you!
The sixfirhy shocks you!
You take 19 damage, and have 46/65 hp.
MASSIVE DAMAGE!!
The sixfirhy is struck by your spines.
The sixfirhy hits you but does no damage.
The sixfirhy hits you. The sixfirhy shocks you!
The ufetubus hits your white imp but does no damage.
The ufetubus barely misses your white imp.
The sixfirhy is struck by your spines. The sixfirhy hits you!
* * * LOW HITPOINT WARNING * * *
The sixfirhy shocks you!
* * * LOW HITPOINT WARNING * * *
The sixfirhy is struck by your spines. The sixfirhy hits you!
* * * LOW HITPOINT WARNING * * *
The sixfirhy shocks you!
You die...

......####.##.##.#########.∩....#
.........................'......'
....).####.###.#.#########......#
.....## #.#............##......#
.#'### #.#.#...######.#########
.#.# #.#<.........#.# .#.#
#.#.##..##.#.#.# ##.#
#.#.##35#..#.#.#
#.#######..545.@#.##.#.#######
#...........###.#....#.......#
#.########### #.############.#
### #..............#
################


You could see a hellwing, a sixfirhy, a shadow imp, an ufetubus and a friendly
white imp.

Vanquished Creatures
  Joseph (D:7)
  Grinder (D:5)
  Sigmund (D:5)
  Edmund (D:4)
  An ice beast (D:7)
  An ogre (D:5)
  2 bullfrogs
  Dowan (D:7)
  3 wights (D:6)
  A crimson imp (D:7)
  A centaur zombie (D:5)
  A bullfrog skeleton (D:5)
  A hound (D:6)
  Crazy Yiuf (D:5)
  A centaur skeleton (D:4)
  2 orc priests
  4 iguanas
  5 worker ants
  Natasha (thrice) (D:4)
  An orc wizard (D:3)
  8 adders
  41 gnolls
  A river rat (D:5)
  A shadow imp (D:6)
  2 adder skeletons
  2 worms
  4 dart slugs
  4 leopard geckos
  7 orcs
  8 bats
  7 giant cockroaches
  15 goblins
  4 hobgoblins
  16 jackals
  4 kobolds
  2 quokkas
  A ball python (D:3)
  A ball python skeleton (D:4)
  3 frilled lizards
  11 rats
175 creatures vanquished.

Vanquished Creatures (collateral kills)
  A water moccasin (D:7)
  Duvessa (D:7)
  A necrophage (D:6)
  A gnoll shaman (D:5)
4 creatures vanquished.

Vanquished Creatures (others)
  A gnoll (D:5)
1 creature vanquished.

Grand Total: 180 creatures vanquished

Notes
Turn   | Place    | Note
-------+----------+-------------------------------------------
     0 | D:1      | Monsterracer the Demonspawn Venom Mage began the quest for the Orb.
     0 | D:1      | Reached XP level 1. HP: 13/13 MP: 3/3
   232 | D:1      | Gained mutation: You are partially covered in large bone plates. (SH +4) [demonic ancestry]
   232 | D:1      | Reached XP level 2. HP: 17/19 MP: 1/5
   562 | D:1      | Learned a level 2 spell: Poisonous Vapours
   726 | D:1      | HP: 9/19 [hobgoblin/club (4)]
   731 | D:1      | HP: 3/19 [hobgoblin/club (6)]
  1132 | D:1      | Reached XP level 3. HP: 24/24 MP: 1/6
  1212 | D:1      | Learned a level 3 spell: Mephitic Cloud
  1872 | D:2      | HP: 9/24 [gnoll (4)]
  1882 | D:2      | Gained mutation: You are mostly covered in large bone plates. (SH +6) [demonic ancestry]
  1882 | D:2      | Reached XP level 4. HP: 13/30 MP: 0/7
  1910 | D:2      | HP: 8/30 [gnoll (8)]
  1920 | D:2      | HP: 3/30 [gnoll (6)]
  2194 | D:2      | Reached skill level 4 in Poison Magic
  3034 | D:3      | Gained mutation: You are partially covered in sharp spines. [demonic ancestry]
  3034 | D:3      | Reached XP level 5. HP: 19/35 MP: 4/9
  4012 | D:4      | Found a staircase to the Ecumenical Temple.
  4018 | Temple   | Entered the Ecumenical Temple
  4087 | Temple   | Became a worshipper of Xom of Chaos
  4190 | D:4      | Noticed Edmund
  4191 | D:4      | Noticed Natasha
  4194 | D:4      | XOM: potion effect (brilliance)
  4195 | D:4      | XOM: potion effect (magic)
  4204 | D:4      | Killed Natasha
  4205 | D:4      | XOM: summons friendly iron imp
  4211 | D:4      | Killed Edmund
  4211 | D:4      | Reached skill level 5 in Poison Magic
  4211 | D:4      | Gained mutation: You are mostly covered in sharp spines. [demonic ancestry]
  4211 | D:4      | Reached XP level 6. HP: 25/41 MP: 2/10
  4457 | D:4      | Learned a level 4 spell: Olgreb's Toxic Radiance
  4649 | D:4      | XOM: scenery: 1 doors open
  4652 | D:4      | Noticed Natasha
  4664 | D:4      | Killed Natasha
  4918 | D:4      | Noticed Natasha
  4921 | D:4      | Killed Natasha
  4921 | D:4      | Reached skill level 1 in Maces & Flails
  4965 | D:5      | Entered Level 5 of the Dungeon
  4970 | D:5      | Gained mutation: You have a pair of small antennae on your head. [demonic ancestry]
  4970 | D:5      | Reached XP level 7. HP: 46/46 MP: 5/12
  5003 | D:5      | XOM: 5-stop teleportation journey
  5009 | D:5      | Noticed Sigmund
  5150 | D:5      | XOM: mild Necr miscast
  5164 | D:5      | XOM: summons friendly crimson imp
  5164 | D:5      | Killed Sigmund
  5164 | D:5      | Reached skill level 1 in Fighting
  5383 | D:5      | Reached skill level 5 in Conjurations
  5466 | D:5      | Found a runed door.
  5614 | D:5      | Reached skill level 6 in Poison Magic
  5643 | D:5      | XOM: polymorph gnoll -> river rat
  5710 | D:5      | Noticed Grinder
  5710 | D:5      | XOM: cleaving
  5716 | D:5      | Gained mutation: A weak demonic guardian rushes to your aid. [demonic ancestry]
  5716 | D:5      | Reached XP level 8. HP: 55/55 MP: 8/13
  5726 | D:5      | Paralysed by Grinder for 3 turns
  5732 | D:5      | Killed Grinder
  6077 | D:5      | XOM: scenery: 1 doors close
  6081 | D:5      | XOM: medium Air miscast
  6087 | D:5      | HP: 27/57 [poison (poison gas)]
  6092 | D:5      | HP: 20/57 [poison (poison gas)]
  6097 | D:5      | HP: 14/57 [poison (poison gas)]
  6102 | D:5      | HP: 11/57 [poison (poison gas)]
  6107 | D:5      | HP: 9/57 [poison (poison gas)]
  6113 | D:5      | HP: 7/57 [poison (poison gas)]
  6120 | D:5      | HP: 6/57 [poison (poison gas)]
  6128 | D:5      | HP: 6/57 [poison (poison gas)]
  6318 | D:5      | XOM: scenery: 3 doors open
  6355 | D:5      | XOM: 5-stop teleportation journey
  6442 | D:5      | XOM: cloud trail
  6672 | D:5      | XOM: harmless Ice miscast
  6733 | D:5      | Reached skill level 7 in Poison Magic
  6739 | D:5      | XOM: harmless Necr miscast
  6916 | D:5      | Noticed Crazy Yiuf
  6923 | D:5      | Killed Crazy Yiuf
  7440 | D:6      | XOM: harmless Air miscast
  7520 | D:6      | XOM: summons 4 hostile demons
  7521 | D:6      | Noticed a soul eater
  7521 | D:6      | Noticed a soul eater
  7646 | D:6      | XOM: scenery: create altars
  8183 | D:7      | Identified Plog's Guide on Damaging Toxins (Xom gifted it to you on level 7 of the Dungeon)
  8183 | D:7      | XOM: god gift: Plog's Guide on Damaging Toxins
  8197 | D:7      | Found Imoxkif's Assorted Antiques.
  8201 | D:7      | Noticed Duvessa
  8203 | D:7      | Noticed Dowan
  8207 | D:7      | HP: 28/58 [Duvessa/rapier of electrocution (8)]
  8218 | D:7      | Killed Dowan
  8218 | D:7      | Gained mutation: You are completely covered in sharp spines. [demonic ancestry]
  8218 | D:7      | Reached XP level 9. HP: 19/64 MP: 4/15
  8219 | D:7      | HP: 17/64 [cloud of noxious fumes (2)]
  8221 | D:7      | Killed Duvessa
  8227 | D:7      | HP: 10/64 [water moccasin (7)]
  8257 | D:7      | HP: 19/96 [crimson imp (3)]
  8313 | D:7      | Learned a level 4 spell: Fulminant Prism
  8452 | D:7      | XOM: mild Summ miscast
  8541 | D:7      | Identified a scroll of acquirement
  8542 | D:7      | Got a pair of faintly humming gloves
  8548 | D:7      | Identified the +0 pair of gloves "Muinudd" {rPois Int-4 Dex+2 SInv} (You acquired it on level 7 of the Dungeon)
  8789 | D:7      | Noticed Joseph
  8791 | D:7      | XOM: repel stairs
  8794 | D:7      | Found Bued Cep's General Store.
  8795 | D:7      | XOM: confusion
  8811 | D:7      | Killed Joseph
  8811 | D:7      | Reached skill level 5 in Maces & Flails
  8970 | D:7      | XOM: harmless Ice miscast
  9103 | D:7      | Found Kaetz's Antique Weapon Boutique.
  9106 | D:7      | Bought a polished flail for 255 gold pieces
  9106 | D:7      | Identified the +9 flail of the Evil Eye {freeze, rN+ Str+2 Stlth+} (You bought it in a shop on level 7 of the Dungeon)
  9135 | D:7      | Found Xunygg's Weapon Shoppe.
  9199 | D:7      | XOM: summons 4 hostile demons
  9200 | D:7      | Noticed a sixfirhy
  9200 | D:7      | Noticed a hellwing
  9201 | D:7      | HP: 25/65 [sixfirhy[Xom] (8)]
  9201 | D:7      | HP: 5/65 [sixfirhy[Xom] (8)]
  9201 | D:7      | Mangled by a sixfirhy

Vault maps used:
D:1:      dpeg_arrival_stone_temple_mockup, serial_forest,
          infiniplex_forest_clump_curved, infiniplex_forest_clump_large,
          infiniplex_forest_lined_2, infiniplex_forest_straight_1,
          infiniplex_forest_clump_medium, infiniplex_forest_end_2,
          infiniplex_forest_clump_curved, minmay_misc_feat_encased
D:2:      first_ration
D:4:      minmay_temple_entry_fiery, uniq_edmund, uniq_natasha
D:5:      lemuel_castle_with_subvaults, uniq_crazy_yiuf_cottage, uniq_sigmund,
          uniq_grinder
D:7:      serial_shops, kennysheep_mini_moat, shop, shop, shop, uniq_duvessa,
          uniq_joseph
Temple:   compressed_dpeg_circular_temple

Skill      XL: |  1  2  3  4  5  6  7  8  9 |
---------------+----------------------------+-----
Conjurations   | 2 3 4 5 |  5.5
Poison Magic   | 4 5 6 7 |  7.7
Spellcasting   | 3 4 |  4.9
Maces & Flails | 1 2 4 5 |  5.1
Fighting       | 1 3 |  3.7
Dodging        | 2 |  2.7
Stealth        | |  1.7
Hexes          | |  0.9

Action                   |  1- 3 |  4- 6 |  7- 9 || total
-------------------------+-------+-------+-------++-------
Melee: Unarmed           |    15 |       |       ||    15
       Great sword       |     9 |    21 |       ||    30
       Flail             |       |    15 |   182 ||   197
 Cast: Sting             |    71 |    56 |       ||   127
       Poisonous Vapours |     1 |    29 |    41 ||    71
       Mephitic Cloud    |       |     2 |     3 ||     5
       Olgreb's Toxic Ra |       |       |    12 ||    12
  Use: Scroll            |       |    10 |     5 ||    15
       Potion            |       |       |     1 ||     1
 Stab: Confused          |       |     2 |       ||     2
       Sleeping          |       |       |     3 ||     3
       Distracted        |       |       |     1 ||     1
  Eat: Chunk             |     4 |    10 |    17 ||    31
Armor: Robe              |     4 |     8 |    47 ||    59
       Skin              |       |       |    12 ||    12
Dodge: Dodged            |    18 |    21 |    81 ||   120
Block: Other             |     5 |    20 |    45 ||    70
       Rpst.: Great sword |     3 |     4 |       ||     7

Table legend:
 A = Spawn XP
 B = Non-spawn XP
 C = Spawn XP percentage of total XP
 D = Spawn monster count
 E = Non-spawn monster count
 F = Spawn count percentage of total count
 G = Total turns spent on level
                    A         B        C        D         E        F      G
               +---------+---------+-------+---------+---------+-------+---------
         Total |       0 |    3738 |   0.0 |       0 |     180 |   0.0 |  9201
               +---------+---------+-------+---------+---------+-------+---------
           D:1 |       0 |      63 |   0.0 |       0 |      27 |   0.0 |  1669
           D:2 |       0 |      99 |   0.0 |       0 |      20 |   0.0 |  1215
           D:3 |       0 |      84 |   0.0 |       0 |      23 |   0.0 |  1071
           D:4 |       0 |     477 |   0.0 |       0 |      17 |   0.0 |  1017
           D:5 |       0 |    1477 |   0.0 |       0 |      68 |   0.0 |  2130
           D:6 |       0 |     420 |   0.0 |       0 |      12 |   0.0 |   943
           D:7 |       0 |    1118 |   0.0 |       0 |      13 |   0.0 |  1076
               +---------+---------+-------+---------+---------+-------+---------

Vault maps used:
D:1:      dpeg_arrival_stone_temple_mockup, serial_forest,
          infiniplex_forest_clump_curved, infiniplex_forest_clump_large,
          infiniplex_forest_lined_2, infiniplex_forest_straight_1,
          infiniplex_forest_clump_medium, infiniplex_forest_end_2,
          infiniplex_forest_clump_curved, minmay_misc_feat_encased
D:2:      first_ration
D:4:      minmay_temple_entry_fiery, uniq_edmund, uniq_natasha
D:5:      lemuel_castle_with_subvaults, uniq_crazy_yiuf_cottage, uniq_sigmund,
          uniq_grinder
D:7:      serial_shops, kennysheep_mini_moat, shop, shop, shop, uniq_duvessa,
          uniq_joseph
Temple:   compressed_dpeg_circular_temple
